 Dungeon Crawl Stone Soup version 0.30-a0-596-g0af90f9a20 (webtiles) character file.

Game seed: 3922441181731836705

1145 gelatine the Chopper (level 8, -1/60 HPs)
             Began as a Demonspawn Gladiator on Jan 6, 2023.
             Slain by a gnoll
             ... wielding a +4 halberd of venom
             ... led by a gnoll sergeant
              (8 damage)
             ... on level 5 of the Dungeon.
             The game lasted 00:11:34 (3416 turns).

gelatine the Chopper (Demonspawn Gladiator)         Turns: 3416, Time: 00:11:34

Health: -1/60      AC:  9    Str: 17    XL:     8   Next: 15%
Magic:  8/8        EV: 27    Int: 10    God:
Gold:   78         SH:  0    Dex: 14    Spells: 7/7 levels left

rFire   . . .      SeeInvis .    a - +0 war axe
rCold   . . .      Faith    .    (no shield)
rNeg    . . .      Spirit   .    m - +1 ring mail {rPois}
rPois   +          Reflect  .    c - +0 helmet
rElec   .          Harm     .    (no cloak)
rCorr   .          Rampage  .    (no gloves)
Will    .....                    (no boots)
Stlth   +                        g - amulet of the acrobat
HPRegen 0.30/turn                (no ring)
MPRegen 0.11/turn                (no ring)

@: lethally poisoned (-1 -> -3), acrobatic
A: hooves 1, powered by death 1, spiny 1, sharp scales 2
a: no special abilities


You were on level 5 of the Dungeon.
You visited 1 branch of the dungeon, and saw 5 of its levels.

You collected 220 gold pieces.
You spent 142 gold pieces at shops.

Inventory:

Hand Weapons
 a - a +0 war axe (weapon)
Missiles
 d - 3 throwing nets
 e - a javelin
 t - 8 poisoned darts (quivered)
Armour
 c - a +0 helmet (worn)
 m - a +1 ring mail of poison resistance (worn)
 s - a +0 chain mail of fire resistance
Jewellery
 g - an amulet of the acrobat (around neck)
 h - an amulet of magic regeneration
Wands
 w - a wand of flame (25)
Scrolls
 f - 2 scrolls of blinking {unknown}
 i - a scroll of poison {unknown}
 k - a scroll of vulnerability {unknown}
 n - 3 scrolls of teleportation {unknown}
 q - a scroll of noise {unknown}
 u - a scroll of silence {unknown}
 v - 2 scrolls of immolation {unknown}
 x - a scroll of enchant armour {unknown}
Potions
 b - 2 potions of haste
 j - 4 potions of flight
 l - a potion of might {unknown}
 o - a potion of attraction
 p - a potion of heal wounds
 r - 2 potions of curing


   Skills:
 * Level 4.1 Fighting
 * Level 7.0 Axes
 + Level 2.1 Throwing
 * Level 3.2 Armour
 * Level 4.1 Dodging
 + Level 0.6 Stealth


You had 7 spell levels left.
You didn't know any spells.
Your spell library contained the following spells:

 Spells                   Type           Power      Damage    Failure   Level
 Kiss of Death            Conj/Necr      0%         2d5       56%         1
 Fireball                 Conj/Fire      0%         3d3       100%        5
 Iskenderun's Battlesphe  Conj           0%         2d6       100%        5
 Conjure Ball Lightning   Conj/Air       0%         3x3d6     100%        6
 Orb of Destruction       Conj           0%         9d5       100%        7


Dungeon Overview and Level Annotations

Branches:
Dungeon (5/15)
 Temple: D:4-7

Altars:
Hepliaklqana
Vehumet
Yredelemnul

Shops:
D:4 *


Innate Abilities, Weirdness & Mutations

You have large cloven feet.
You regenerate a little health from kills.
You are partially covered in sharp spines.
You are mostly covered in razor-sharp scales. (AC +2, Slay +2)


Message History

The gnoll is severely wounded.
The gnoll hits you with a +0 club.
The gnoll sergeant hits you from afar with a +0 trident of freezing.
The gnoll sergeant freezes you.
You barely miss the gnoll. Your kick misses the gnoll.
The gnoll is severely wounded.
The gnoll misses you. x2
The gnoll sergeant hits you from afar with a +0 trident of freezing.
The gnoll sergeant freezes you.
You completely miss the gnoll. You kick the gnoll.
You kill the gnoll!
The gnoll closely misses you.
The gnoll sergeant hits you from afar with a +0 trident of freezing!
The gnoll sergeant freezes you.
Found 6 gold pieces.
The gnoll hits you but does no damage.
The gnoll sergeant hits you with a +0 trident of freezing!
The gnoll sergeant freezes you.
* * * LOW HITPOINT WARNING * * *
Things that are here:
a +0 club; a +0 flail; a gnoll corpse You slash the gnoll sergeant!
You kick the gnoll sergeant.
The gnoll sergeant is severely wounded.
You hit the gnoll. You barely miss the gnoll.
The gnoll hits you but does no damage. x2
You are poisoned.
The gnoll sergeant barely misses you. The gnoll sergeant closely misses you.
The gnoll is struck by your spines.
You kill the gnoll!
The gnoll is struck by your spines.
The gnoll hits you with a +4 halberd of venom!
* * * LOW HITPOINT WARNING * * *
You closely miss the gnoll sergeant. You kick the gnoll sergeant.
The gnoll sergeant is almost dead.
You hit the gnoll.
You feel sick. The gnoll closely misses you.
The gnoll sergeant is struck by your spines.
You kill the gnoll sergeant!
Your Axes skill increases to level 7!
You feel sick.
The gnoll hits you with a +4 halberd of venom!
You die...

#.#####.# .######. #..#
#.#### #. #... #....# #.
..$.. #.##.# #. .....
#.##.# #.# #.
......#.##.# #.# #.
....#.#.##.# #.# #.
...#...g##.## #.# #.
.......@))..# #.# #.
####...###..####.# #.
..............##.# #.
#######>.........######.
[....#..#....)......
####....############
#.##.# #. ..# # ###


You could see a gnoll.

Vanquished Creatures
  A water moccasin (D:5)
  A centaur (D:5)
  2 phantoms (D:4)
  A gnoll sergeant (D:5)
  A necrophage (D:5)
  A scorpion (D:4)
  A howler monkey (D:4)
  2 orc priests (D:4)
  4 hounds
  5 iguanas
  2 orc wizards (D:4)
  Robin (D:2)
  3 gnolls (D:5)
  10 adders
  A worm (D:2)
  5 dart slugs
  8 orcs
  6 ball pythons
  12 bats
  5 endoplasms
  5 giant cockroaches
  11 goblins
  10 hobgoblins
  4 jackals (D:4)
  7 kobolds
  6 quokkas
  4 frilled lizards
  6 rats
125 creatures vanquished.

Notes
Turn   | Place    | Note
-------+----------+-------------------------------------------
     0 | D:1      | gelatine the Demonspawn Gladiator began the quest for the
                  | Orb.
     0 | D:1      | Reached XP level 1. HP: 16/16 MP: 1/1
   159 | D:1      | Gained mutation: You are partially covered in razor-sharp
                  | scales. (AC +1, Slay +1) [demonic ancestry]
   159 | D:1      | Reached XP level 2. HP: 13/22 MP: 2/2
   497 | D:1      | Reached skill level 3 in Axes
   878 | D:2      | Noticed Robin
   879 | D:2      | Gained mutation: You have large cloven feet. [demonic
                  | ancestry]
   879 | D:2      | Reached XP level 3. HP: 27/28 MP: 3/3
   895 | D:2      | Killed Robin
   951 | D:2      | Gained mutation: You are mostly covered in razor-sharp
                  | scales. (AC +2, Slay +2) [demonic ancestry]
   951 | D:2      | Reached XP level 4. HP: 34/34 MP: 4/4
   952 | D:2      | Found a faded altar of an unknown god.
   961 | D:2      | Got Plato's Encyclopedia of Lamentation
  1085 | D:2      | Reached skill level 4 in Axes
  1551 | D:3      | Gained mutation: You regenerate a little health from kills.
                  | [demonic ancestry]
  1551 | D:3      | Reached XP level 5. HP: 39/40 MP: 5/5
  1562 | D:3      | Found a basalt altar of Yredelemnul.
  1910 | D:4      | Reached skill level 1 in Armour
  1922 | D:4      | Noticed a phantom
  1926 | D:4      | Noticed a phantom
  1934 | D:4      | Killed a phantom
  1935 | D:4      | Reached XP level 6. HP: 43/47 MP: 6/6
  1952 | D:4      | Reached skill level 5 in Axes
  2189 | D:4      | Found Laakarei's Assorted Antiques.
  2202 | D:4      | Bought a scroll labelled ZIOXKA WOTTUG for 25 gold pieces
  2202 | D:4      | Bought a scroll labelled KUISAI PENO for 25 gold pieces
  2202 | D:4      | Bought a viscous emerald potion for 22 gold pieces
  2202 | D:4      | Bought a scroll labelled MUIJEL DASITZO for 25 gold pieces
  2202 | D:4      | Bought 2 blue potions for 45 gold pieces
  2483 | D:4      | Gained mutation: You are partially covered in sharp spines.
                  | [demonic ancestry]
  2483 | D:4      | Reached XP level 7. HP: 28/52 MP: 7/7
  2690 | D:4      | Found a hazy altar of Hepliaklqana.
  2694 | D:4      | Found a radiant altar of Vehumet.
  2855 | D:4      | Reached skill level 6 in Axes
  3225 | D:5      | Entered Level 5 of the Dungeon
  3361 | D:5      | Reached XP level 8. HP: 60/60 MP: 8/8
  3416 | D:5      | Reached skill level 7 in Axes
  3416 | D:5      | Slain by a gnoll

Illustrated notes

Levels and vault maps discovered:
D:1:      kennysheep_arrival_seaside, layout_loops_ring
D:2:      layout_rooms, shapermc_ecumenical_altar_rom_forum,
          minmay_statues_item, minmay_pentomino_q4, uniq_robin
D:3:      layout_basic, kennysheep_ying_yang
D:4:      layout_basic, gammafunk_temple_overflow_pools, serial_shops, shop,
          minmay_misc_feat_secret_circle, kennysheep_flooded_box
D:5:      layout_loops_ring, kennysheep_mini_moat

Skill      XL: |  1  2  3  4  5  6  7  8 |
---------------+-------------------------+-----
Throwing       | 2 |  2.1
Axes           | 3 4 5 6 7 |  7.0
Dodging        | 3 4 |  4.1
Armour         | 1 2 3 |  3.2
Fighting       | 3 4 |  4.1
Stealth        | |  0.6

Action                   |  1- 3 |  4- 6 |  7- 9 || total
-------------------------+-------+-------+-------++-------
Melee: War axe           |    83 |   156 |    70 ||   309
       Kick              |     6 |    32 |    21 ||    59
       Punch             |       |     1 |     2 ||     3
Throw: Throwing net      |     2 |       |       ||     2
       Dart              |       |       |     5 ||     5
  Use: Scroll            |       |     6 |       ||     6
       Potion            |       |     1 |       ||     1
Armor: Leather armour    |    10 |       |       ||    10
       Ring mail         |    25 |    81 |    27 ||   133
Dodge: Dodged            |    87 |   121 |    52 ||   260

Table legend: (Time is in decaauts)
 A = Elapsed time spent in this place.
 B = Non-inter-level travel time spent in this place.
 C = Inter-level travel time spent in this place.
 D = Time resting spent in this place.
 E = Time spent auto-exploring this place.
 F = Levels seen in this place.
 G = Mean time per level.
                   A        B        C        D        E       F      G
               +--------+--------+--------+--------+--------+-----+--------+
         Total |   3501 |   3373 |    128 |      0 |   2438 |   5 |  700.2 |
       Dungeon |   3501 |   3373 |    128 |      0 |   2438 |   5 |  700.2 |
               +--------+--------+--------+--------+--------+-----+--------+

Top non-repeatable levels by time:
     D:4: 1353 daAuts
     D:1: 890 daAuts
     D:2: 536 daAuts
     D:3: 525 daAuts
     D:5: 196 daAuts
